 Seeded DCSS version 0.27.0-1-g7a089689b8 (webtiles) character file.

Game seed: 69 (custom seed)

37 dduke234 the Skirmisher (level 3, -3/29 HPs)
             Began as a Human Fighter on Aug 13, 2021.
             Slain by a gnoll (11 damage)
             ... on level 2 of the Dungeon.
             The game lasted 00:02:17 (1134 turns).

dduke234 the Skirmisher (Human Fighter)             Turns: 1134, Time: 00:02:18

Health: -3/29      AC:  6    Str: 16    XL:     3   Next: 60%
Magic:  3/3        EV:  6    Int: 14    God:
Gold:   61         SH:  9    Dex: 13    Spells: 2/2 levels left

rFire    . . .     SeeInvis .   a - +0 rapier
rCold    . . .     Faith    .   c - +0 kite shield
rNeg     . . .     Spirit   .   b - +0 scale mail
rPois    .         Reflect  .   (no helmet)
rElec    .         Harm     .   (no cloak)
rCorr    .         Rampage  .   (no gloves)
Will     .....                  (no boots)
Stlth    ..........             (no amulet)
HPRegen  0.09/turn              f - +6 ring of intelligence
MPRegen  0.08/turn              (no ring)

@: no status effects
A: no striking features
a: no special abilities


You were on level 2 of the Dungeon.
You visited 1 branch of the dungeon, and saw 2 of its levels.

You collected 61 gold pieces.

Inventory:

Hand Weapons
 a - a +0 rapier (weapon)
 d - a +2 flail of protection
Armour
 b - a +0 scale mail (worn)
 c - a +0 kite shield (worn)
Jewellery
 f - a +6 ring of intelligence (left hand)
 h - a ring of protection from cold


   Skills:
 * Level 3.2 Fighting
 * Level 2.5 Short Blades
 + Level 3.2 Armour
 * Level 1.6 Stealth
 + Level 3.1 Shields


You had 2 spell levels left.
You didn't know any spells.
Your spell library was empty.

Dungeon Overview and Level Annotations

Branches:
Dungeon (2/15)

Altars:


Message History

There is a stone staircase leading up here.
A bat comes into view.
The bat barely misses you.
A jackal comes into view.
The bat hits you but does no damage. x2
You block the bat's attack. The bat closely misses you.
You hit the jackal.
The jackal is severely wounded.
The bat hits you but does no damage. You block the jackal's attack.
The jackal closely misses you. You block the bat's attack.
You hit the jackal.
You kill the jackal!
The bat hits you but does no damage. You block the gnoll's attack.
The bat barely misses you. You block the bat's attack. x2
The gnoll hits you from afar with a +0 halberd!
A jackal comes into view.
You block the bat's attack. x2; The jackal moves out of view.
You puncture the kobold!
You kill the kobold!
You block the bat's attack. The bat completely misses you.
The gnoll hits you from afar with a +0 halberd!
The bat barely misses you. The bat hits you but does no damage.
You see here a +0 club.
The bat hits you but does no damage. The bat hits you but does no damage.
The jackal barks!
The bat hits you but does no damage. You block the bat's attack.
The endoplasm jiggles.
The bat hits you but does no damage. You block the jackal's attack.
The bat barely misses you. You block the jackal's attack. The bat hits you.
* * * LOW HITPOINT WARNING * * *
The bat hits you but does no damage. You block the jackal's attack.
The bat hits you but does no damage.
The gnoll hits you from afar with a +0 halberd!
You die...

....#..J#
...g....<#
......#...#
##.##..#...#
........$.#
#....##.#.#
###....##.#.#
#....>....#.#
#.@.........#
##hb...!...###
#.g.....##.#
#.###...##.######
#r...>......J....
#.#######.#######
#g# #J# #g#
#####g#######
#.###....J.......


You could see a gnoll, a jackal, a bat and a rat.

Vanquished Creatures
  A gnoll (D:1)
  A dart slug (D:1)
  3 ball pythons (D:1)
  An endoplasm (D:1)
  3 goblins (D:1)
  3 hobgoblins (D:1)
  4 jackals
  4 kobolds
  A frilled lizard (D:1)
21 creatures vanquished.

Notes
Turn   | Place    | Note
-------+----------+-------------------------------------------
     0 | D:1      | dduke234 the Human Fighter began the quest for the Orb.
     0 | D:1      | Reached XP level 1. HP: 18/18 MP: 1/1
   199 | D:1      | Reached skill level 1 in Stealth
   199 | D:1      | Reached XP level 2. HP: 24/24 MP: 2/2
   424 | D:1      | Reached XP level 3. HP: 21/29 MP: 3/3
  1134 | D:2      | Slain by a gnoll

Illustrated notes

Levels and vault maps discovered:
D:1:      mainiacjoe_arrival_reflecting_pool, layout_rooms,
          serial_bayou_crossing
D:2:      layout_loops_ring, chequers_ecumenical_altar_island, basic_altar

Skill      XL: |  1 |
---------------+----+-----
Stealth        | 1 |  1.6
Fighting       | |  3.2
Short Blades   | |  2.5
Armour         | |  3.2
Shields        | |  3.1

Action                   || total
-------------------------++-------
Melee: Rapier            ||    62
  Use: Scroll            ||     2
       Potion            ||     1
Armor: Scale mail        ||    52
Dodge: Dodged            ||    36
Block: Kite shield       ||    51
